BSA
AUSTIN RIVER SHARKS @ POCATELLO BOCCABELLAS
07/26/2026
 
TOP OF THE 1ST
Austin River Sharks batting - Pitching for Pocatello Boccabellas : LHP Rod Adams
Pitching: LHP Rod Adams
Batting: RHB Tyler Wagner 0-0: Ball
1-0: Foul Ball, location: 2F
1-1: Ground out 1-3 (Groundball, 15)
Batting: RHB Orlando Bruno 0-0: Called Strike
0-1: Ball
1-1: Ground out 6-3 (Groundball, 6)
Batting: RHB Kenneth Roberts 0-0: Called Strike
0-1: Swinging Strike
0-2: Foul Ball, location: 2F
0-2: Ball
1-2: Strikes out swinging
Top of the 1st over - 0 run(s), 0 hit(s), 0 error(s), 0 left on base; Austin 0 - Pocatello 0
BOTTOM OF THE 1ST
Pocatello Boccabellas batting - Pitching for Austin River Sharks : RHP Troy Lynn
Pitching: RHP Troy Lynn
Batting: RHB José García 0-0: Ball
1-0: Ground out 5-3 (Groundball, 5S)
Batting: LHB Norberto Muńóz 0-0: Ball
1-0: Ground out 1-3 (Groundball, 23)
Batting: LHB Juan Cortés 0-0: Called Strike
0-1: Ball
1-1: Ball
2-1: Ball
3-1: Ground out 6-3 (Groundball, 6)
Bottom of the 1st over - 0 run(s), 0 hit(s), 0 error(s), 0 left on base; Austin 0 - Pocatello 0
TOP OF THE 2ND
Austin River Sharks batting - Pitching for Pocatello Boccabellas : LHP Rod Adams
Batting: SHB Juan Castro 0-0: Called Strike
0-1: Foul Ball, location: 2F
0-2: Ball
1-2: Ball
2-2: Foul Ball, location: 2F
2-2: Foul Ball, location: 2F
2-2: Ball
3-2: Base on Balls
Batting: LHB Pedro Zaragoza Balk!
Juan Castro to second
0-0: Called Strike
0-1: Foul Ball, location: 2F
0-2: Foul Ball, location: 2F
0-2: Foul Ball, location: 2F
0-2: Ball
1-2: Strikes out swinging
Batting: RHB Carlos Guzmán 0-0: Swinging Strike
0-1: Fly out, F9 (Line Drive, 9S)
Batting: LHB Terry Maloney 0-0: Ground out 5-3 (Groundball, 56)
Top of the 2nd over - 0 run(s), 0 hit(s), 0 error(s), 1 left on base; Austin 0 - Pocatello 0
BOTTOM OF THE 2ND
Pocatello Boccabellas batting - Pitching for Austin River Sharks : RHP Troy Lynn
Batting: SHB Glenn Vadnais 0-0: Ball
1-0: Called Strike
1-1: Fly out, F7 (Flyball, 7S)
Batting: RHB Francisco Sandoval 0-0: Called Strike
0-1: Ball
1-1: Fly out, F4 (Popup, 4D)
Batting: RHB Pedro Guzmán 0-0: Ball
1-0: Called Strike
1-1: Ground out 4-3 (Groundball, 4)
Bottom of the 2nd over - 0 run(s), 0 hit(s), 0 error(s), 0 left on base; Austin 0 - Pocatello 0
TOP OF THE 3RD
Austin River Sharks batting - Pitching for Pocatello Boccabellas : LHP Rod Adams
Batting: SHB John Miller 0-0: Ball
1-0: Foul Ball, location: 2F
1-1: Ball
2-1: Called Strike
2-2: Foul Ball, location: 2F
2-2: Foul Ball, location: 2F
2-2: Strikes out swinging
Batting: LHB Bruno Lalonde 0-0: Called Strike
0-1: Ball
1-1: Foul Ball, location: 2F
1-2: Ball
2-2: Ball
3-2: Ground out U3 (Groundball, 3S)
Batting: RHB Tyler Wagner 0-0: Ball
1-0: Ball
2-0: Ball
3-0: Foul Ball, location: 2F
3-1: Called Strike
3-2: Foul Ball, location: 2F
3-2: DOUBLE (Line Drive, 8LXD)
Batting: RHB Orlando Bruno 0-0: Ball
1-0: Ground out 2-3 (Groundball, 15S)
Top of the 3rd over - 0 run(s), 1 hit(s), 0 error(s), 1 left on base; Austin 0 - Pocatello 0
BOTTOM OF THE 3RD
Pocatello Boccabellas batting - Pitching for Austin River Sharks : RHP Troy Lynn
Batting: RHB Carl Bryant 0-0: Called Strike
0-1: Foul Ball, location: 2F
0-2: Foul Ball, location: 2F
0-2: Foul Ball, location: 2F
0-2: Ball
1-2: Ball
2-2: Strikes out swinging
Batting: LHB Jesús Ramírez 0-0: Ground out 1-3 (Groundball, 15S)
Batting: RHB Fabrice Brodeur 0-0: Ball
1-0: Ground out 3-1 (Groundball, 34)
Bottom of the 3rd over - 0 run(s), 0 hit(s), 0 error(s), 0 left on base; Austin 0 - Pocatello 0
TOP OF THE 4TH
Austin River Sharks batting - Pitching for Pocatello Boccabellas : LHP Rod Adams
Batting: RHB Kenneth Roberts 0-0: Ball
1-0: Foul Ball, location: 2F
1-1: Called Strike
1-2: Ground out 6-3 (Groundball, 6)
Batting: SHB Juan Castro 0-0: Ball
1-0: Ball
2-0: Called Strike
2-1: Called Strike
2-2: Ball
3-2: Strikes out looking
Batting: LHB Pedro Zaragoza 0-0: Ball
1-0: Called Strike
1-1: Foul Ball, location: 2F
1-2: Foul Ball, location: 2F
1-2: Foul Ball, location: 2F
1-2: Ball
2-2: Ball
3-2: Foul Ball, location: 2F
3-2: SINGLE (Line Drive, 56)
Batting: RHB Carlos Guzmán 0-0: Ball
Pedro Zaragoza steals 2nd base
1-0: Ball
2-0: Swinging Strike
2-1: Foul Ball, location: 2F
2-2: Ball
3-2: Strikes out swinging
Top of the 4th over - 0 run(s), 1 hit(s), 0 error(s), 1 left on base; Austin 0 - Pocatello 0
BOTTOM OF THE 4TH
Pocatello Boccabellas batting - Pitching for Austin River Sharks : RHP Troy Lynn
Batting: RHB José García 0-0: Called Strike
0-1: Ground out 1-3 (Groundball, 23)
Batting: LHB Norberto Muńóz 0-0: Called Strike
0-1: Ball
1-1: Ball
2-1: Ball
3-1: Ground out 1-3 (Groundball, 13)
Batting: LHB Juan Cortés 0-0: Ball
1-0: Fly out, F5 (Popup, 5F)
Bottom of the 4th over - 0 run(s), 0 hit(s), 0 error(s), 0 left on base; Austin 0 - Pocatello 0
TOP OF THE 5TH
Austin River Sharks batting - Pitching for Pocatello Boccabellas : LHP Rod Adams
Batting: LHB Terry Maloney 0-0: Fly out, F5 (Popup, 6)
Batting: SHB John Miller 0-0: Swinging Strike
0-1: Ball
1-1: Fly out, F9 (Flyball, 9M)
Batting: LHB Bruno Lalonde 0-0: Ball
1-0: Ball
2-0: Ball
3-0: Base on Balls
Batting: RHB Tyler Wagner 0-0: Ball
1-0: Swinging Strike
1-1: Ball
2-1: Ball
3-1: SINGLE (Line Drive, 7LS)
Bruno Lalonde to second
Batting: RHB Orlando Bruno 0-0: Called Strike
0-1: Ball
1-1: Foul Ball, location: 2F
1-2: Strikes out swinging
Top of the 5th over - 0 run(s), 1 hit(s), 0 error(s), 2 left on base; Austin 0 - Pocatello 0
BOTTOM OF THE 5TH
Pocatello Boccabellas batting - Pitching for Austin River Sharks : RHP Troy Lynn
Batting: SHB Glenn Vadnais 0-0: Ground out 1-3 (Groundball, 15)
Batting: RHB Francisco Sandoval 0-0: Swinging Strike
0-1: Swinging Strike
0-2: Strikes out swinging
Batting: RHB Pedro Guzmán 0-0: Called Strike
0-1: Called Strike
0-2: Ball
1-2: Ball
2-2: Strikes out looking
Bottom of the 5th over - 0 run(s), 0 hit(s), 0 error(s), 0 left on base; Austin 0 - Pocatello 0
TOP OF THE 6TH
Austin River Sharks batting - Pitching for Pocatello Boccabellas : LHP Rod Adams
Batting: RHB Kenneth Roberts 0-0: Swinging Strike
0-1: Ball
1-1: Called Strike
1-2: Foul Ball, location: 2F
1-2: Foul Ball, location: 2F
1-2: Ball
2-2: Ground out 1-3 (Groundball, 13S)
Batting: SHB Juan Castro 0-0: Called Strike
0-1: Called Strike
0-2: Ball
1-2: Strikes out swinging
Batting: LHB Pedro Zaragoza 0-0: Ball
1-0: Swinging Strike
1-1: Ball
2-1: Swinging Strike
2-2: Ball
3-2: Strikes out swinging
Top of the 6th over - 0 run(s), 0 hit(s), 0 error(s), 0 left on base; Austin 0 - Pocatello 0
BOTTOM OF THE 6TH
Pocatello Boccabellas batting - Pitching for Austin River Sharks : RHP Troy Lynn
Batting: RHB Carl Bryant 0-0: Ground out 5-3 (Groundball, 5)
Batting: LHB Jesús Ramírez 0-0: Ball
1-0: SINGLE (Groundball, 4MD)
Batting: RHB Fabrice Brodeur 0-0: Ball
1-0: Foul Ball, location: 2F
1-1: Called Strike
1-2: Strikes out swinging
Batting: RHB José García 0-0: Called Strike
0-1: Called Strike
0-2: Foul Ball, location: 2F
0-2: Ball
1-2: Ball
2-2: Fielders Choice at 2nd, 5-4 (Groundball, 5)
Bottom of the 6th over - 0 run(s), 1 hit(s), 0 error(s), 0 left on base; Austin 0 - Pocatello 0
TOP OF THE 7TH
Austin River Sharks batting - Pitching for Pocatello Boccabellas : LHP Rod Adams
Batting: RHB Carlos Guzmán 0-0: Foul Ball, location: 2F
0-1: Ball
1-1: Foul Ball, location: 2F
1-2: Ball
2-2: Foul Ball, location: 2F
2-2: Strikes out swinging
Batting: LHB Terry Maloney 0-0: Called Strike
0-1: Fly out, F5 (Popup, 25)
Pinch Hitting: RHB Carlos Pérez 0-0: Ball
1-0: Swinging Strike
1-1: Ball
2-1: Ball
3-1: Base on Balls
Pitching: RHP Jaime Espinoza
Batting: LHB Bruno Lalonde 0-0: Ball
Carlos Pérez is caught stealing 2nd base
Top of the 7th over - 0 run(s), 0 hit(s), 0 error(s), 0 left on base; Austin 0 - Pocatello 0
BOTTOM OF THE 7TH
Pocatello Boccabellas batting - Pitching for Austin River Sharks : RHP Troy Lynn
Now at SS: Carlos Pérez
Batting: LHB Norberto Muńóz 0-0: Ball
1-0: Fly out, F1 (Popup, 13)
Batting: LHB Juan Cortés 0-0: Ball
1-0: Called Strike
1-1: Foul Ball, location: 2F
1-2: Foul Ball, location: 2F
1-2: Ball
2-2: Foul Ball, location: 2F
2-2: Ball
3-2: Strikes out swinging
Batting: SHB Glenn Vadnais 0-0: Foul Ball, location: 2F
0-1: SOLO HOME RUN (Flyball, 9D), Distance : 413 ft
Batting: RHB Francisco Sandoval 0-0: Ball
1-0: Ball
2-0: Fly out, F4 (Popup, 34D)
Bottom of the 7th over - 1 run(s), 1 hit(s), 0 error(s), 0 left on base; Austin 0 - Pocatello 1
TOP OF THE 8TH
Austin River Sharks batting - Pitching for Pocatello Boccabellas : RHP Jaime Espinoza
Batting: LHB Bruno Lalonde 0-0: Ball
1-0: Ball
2-0: Ground out 4-3 (Groundball, 4)
Batting: RHB Tyler Wagner 0-0: Called Strike
0-1: Foul Ball, location: 2F
0-2: Ball
1-2: Ground out 5-3 (Groundball, 5S)
Batting: RHB Orlando Bruno 0-0: TRIPLE (Line Drive, 5L)
Batting: RHB Kenneth Roberts 0-0: Ball
1-0: Called Strike
1-1: Ball
2-1: Ball
3-1: Called Strike
3-2: DOUBLE (Line Drive, 78M)
Orlando Bruno scores
Batting: SHB Juan Castro 0-0: Hit by Pitch
Batting: LHB Pedro Zaragoza 0-0: Ball
1-0: Called Strike
1-1: Ball
2-1: Called Strike
2-2: Strikes out swinging
Top of the 8th over - 1 run(s), 2 hit(s), 0 error(s), 2 left on base; Austin 1 - Pocatello 1
BOTTOM OF THE 8TH
Pocatello Boccabellas batting - Pitching for Austin River Sharks : RHP Troy Lynn
Batting: RHB Pedro Guzmán 0-0: Ground out 1-3 (Groundball, 15)
Batting: RHB Carl Bryant 0-0: Ball
1-0: Fly out, F6 (Popup, 6S)
Pinch Hitting: LHB David Monahan 0-0: Ball
1-0: Ball
2-0: Ground out 4-3 (Groundball, 4)
Bottom of the 8th over - 0 run(s), 0 hit(s), 0 error(s), 0 left on base; Austin 1 - Pocatello 1
TOP OF THE 9TH
Austin River Sharks batting - Pitching for Pocatello Boccabellas : RHP Jaime Espinoza
Pitching: RHP Adrián Martínez
Now at SS: Chris Parker
Batting: RHB Carlos Guzmán 0-0: Foul Ball, location: 2F
0-1: Ball
1-1: Ground out 4-3 (Groundball, 4M)
Batting: LHB Terry Maloney 0-0: Foul Ball, location: 2F
0-1: Foul Ball, location: 2F
0-2: Ball
1-2: Ball
2-2: Ball
3-2: Strikes out swinging
Batting: RHB Carlos Pérez 0-0: Ball
1-0: Called Strike
1-1: Foul Ball, location: 2F
1-2: Strikes out swinging
Top of the 9th over - 0 run(s), 0 hit(s), 0 error(s), 0 left on base; Austin 1 - Pocatello 1
BOTTOM OF THE 9TH
Pocatello Boccabellas batting - Pitching for Austin River Sharks : RHP Troy Lynn
Batting: RHB Fabrice Brodeur 0-0: Called Strike
0-1: Foul Ball, location: 2F
0-2: Foul Ball, location: 2F
0-2: Ball
1-2: Ground out U3 (Groundball, 3L)
Batting: RHB José García 0-0: Ball
1-0: Ball
2-0: Called Strike
2-1: Fly out, F9 (Flyball, 89M)
Batting: LHB Norberto Muńóz 0-0: Called Strike
0-1: Called Strike
0-2: Ball
1-2: Ground out 4-3 (Groundball, 4)
Bottom of the 9th over - 0 run(s), 0 hit(s), 0 error(s), 0 left on base; Austin 1 - Pocatello 1
TOP OF THE 10TH
Austin River Sharks batting - Pitching for Pocatello Boccabellas : RHP Adrián Martínez
Batting: LHB Bruno Lalonde 0-0: Swinging Strike
0-1: SINGLE (Flyball, 5L)
Batting: RHB Tyler Wagner 0-0: Ball
1-0: Bunted foul
1-1: Bunt missed!
1-2: Ball
2-2: SINGLE (Groundball, 25) (infield hit)
Bruno Lalonde to second
Batting: RHB Orlando Bruno 0-0: SINGLE (Groundball, 5L)
Bruno Lalonde to third
Tyler Wagner to second
Runner from 3rd tries for Home, throw and OUT!
Tyler Wagner to third
Orlando Bruno to second
Batting: RHB Kenneth Roberts 0-0: Ball
1-0: Ball
2-0: Ball
3-0: Called Strike
3-1: Called Strike
3-2: Foul Ball, location: 2F
3-2: Strikes out swinging
Batting: SHB Juan Castro 0-0: Called Strike
0-1: Fly out, F8 (Flyball, 89S)
Top of the 10th over - 0 run(s), 3 hit(s), 0 error(s), 2 left on base; Austin 1 - Pocatello 1
BOTTOM OF THE 10TH
Pocatello Boccabellas batting - Pitching for Austin River Sharks : RHP Troy Lynn
Batting: LHB Juan Cortés 0-0: Foul Ball, location: 2F
0-1: Fly out, F8 (Line Drive, 8LXD)
Batting: SHB Glenn Vadnais 0-0: Ball
1-0: Swinging Strike
1-1: DOUBLE (Line Drive, 5D)
Batting: RHB Francisco Sandoval 0-0: Ball
1-0: Foul Ball, location: 2F
1-1: Ball
2-1: Fly out, F3 (Popup, 3F)
Batting: RHB Pedro Guzmán 0-0: Called Strike
0-1: SINGLE (Flyball, 8RS)
Glenn Vadnais to third
Pinch Hitting: SHB Guillermo Ortíz 0-0: Ground out U3 (Groundball, 3)
Bottom of the 10th over - 0 run(s), 2 hit(s), 0 error(s), 2 left on base; Austin 1 - Pocatello 1
TOP OF THE 11TH
Austin River Sharks batting - Pitching for Pocatello Boccabellas : RHP Adrián Martínez
Pitching: RHP Jesse Moser
Now at C: Guillermo Ortíz
Batting: LHB Pedro Zaragoza 0-0: Foul Ball, location: 2F
0-1: Called Strike
0-2: Strikes out looking
Pitching: LHP Howard Bailey
Batting: RHB Carlos Guzmán 0-0: Called Strike
0-1: Ball
1-1: Foul Ball, location: 2F
1-2: Foul Ball, location: 2F
1-2: Fly out, F9 (Line Drive, 89M)
Batting: LHB Terry Maloney 0-0: Called Strike
0-1: Foul Ball, location: 2F
0-2: Ball
1-2: Ground out U3 (Groundball, 3S)
Top of the 11th over - 0 run(s), 0 hit(s), 0 error(s), 0 left on base; Austin 1 - Pocatello 1
BOTTOM OF THE 11TH
Pocatello Boccabellas batting - Pitching for Austin River Sharks : RHP Troy Lynn
Batting: RHB Chris Parker 0-0: Foul Ball, location: 2F
0-1: Ball
1-1: Called Strike
1-2: Strikes out swinging
Pitching: RHP Bartolo Romo
Batting: RHB Fabrice Brodeur 0-0: Ball
1-0: Foul Ball, location: 2F
1-1: Ball
2-1: Fly out, F8 (Flyball, 89XD)
Batting: RHB José García 0-0: Ball
1-0: SINGLE (Line Drive, 9S)
Batting: LHB Norberto Muńóz 0-0: Ball
1-0: Swinging Strike
1-1: Foul Ball, location: 2F
1-2: Ground out 3-1 (Groundball, 34S)
Bottom of the 11th over - 0 run(s), 1 hit(s), 0 error(s), 1 left on base; Austin 1 - Pocatello 1
TOP OF THE 12TH
Austin River Sharks batting - Pitching for Pocatello Boccabellas : LHP Howard Bailey
Batting: RHB Carlos Pérez 0-0: Called Strike
0-1: Foul Ball, location: 2F
0-2: Strikes out swinging
Pinch Hitting: RHB Cristián Peńa 0-0: Foul Ball, location: 2F
0-1: Ball
1-1: Ball
2-1: Foul Ball, location: 2F
2-2: Ball
3-2: Ground out 1-3 (Groundball, 13S)
Batting: RHB Tyler Wagner 0-0: Ball
1-0: Fly out, F8 (Line Drive, 8LD)
Top of the 12th over - 0 run(s), 0 hit(s), 0 error(s), 0 left on base; Austin 1 - Pocatello 1
BOTTOM OF THE 12TH
Pocatello Boccabellas batting - Pitching for Austin River Sharks : RHP Bartolo Romo
Now in CF: Ingo Backx
Batting: LHB Juan Cortés 0-0: Ground out 5-3 (Groundball, 56)
Batting: SHB Glenn Vadnais 0-0: Ball
1-0: Called Strike
1-1: Ball
2-1: Foul Ball, location: 2F
2-2: Foul Ball, location: 2F
2-2: Ground out 4-3 (Groundball, 4)
Batting: RHB Francisco Sandoval 0-0: Fly out, F9 (Flyball, 89XD)
Bottom of the 12th over - 0 run(s), 0 hit(s), 0 error(s), 0 left on base; Austin 1 - Pocatello 1
TOP OF THE 13TH
Austin River Sharks batting - Pitching for Pocatello Boccabellas : LHP Howard Bailey
Batting: RHB Orlando Bruno 0-0: Called Strike
0-1: Ball
1-1: Foul Ball, location: 2F
1-2: Strikes out swinging
Batting: RHB Kenneth Roberts 0-0: Foul Ball, location: 2F
0-1: Ground out 6-3 (Groundball, 6)
Batting: SHB Juan Castro 0-0: Ball
1-0: Ball
2-0: Foul Ball, location: 2F
2-1: Swinging Strike
2-2: Strikes out swinging
Top of the 13th over - 0 run(s), 0 hit(s), 0 error(s), 0 left on base; Austin 1 - Pocatello 1
BOTTOM OF THE 13TH
Pocatello Boccabellas batting - Pitching for Austin River Sharks : RHP Bartolo Romo
Batting: RHB Pedro Guzmán 0-0: Ground out 4-3 (Groundball, 4)
Batting: SHB Guillermo Ortíz 0-0: Called Strike
0-1: Ball
1-1: Called Strike
1-2: Foul Ball, location: 2F
1-2: Ground out 4-3 (Groundball, 4M)
Batting: RHB Chris Parker 0-0: Fly out, F8 (Flyball, 8RM)
Bottom of the 13th over - 0 run(s), 0 hit(s), 0 error(s), 0 left on base; Austin 1 - Pocatello 1
TOP OF THE 14TH
Austin River Sharks batting - Pitching for Pocatello Boccabellas : LHP Howard Bailey
Batting: LHB Pedro Zaragoza 0-0: Ball
1-0: Ground out 5-3 (Groundball, 56)
Batting: RHB Carlos Guzmán 0-0: Ground out 6-3 (Groundball, 6D)
Batting: LHB Terry Maloney 0-0: Called Strike
0-1: Ball
1-1: Foul Ball, location: 2F
1-2: Foul Ball, location: 2F
1-2: SINGLE (Line Drive, 7S)
Batting: RHB Carlos Pérez 0-0: Foul Ball, location: 2F
0-1: Ball
1-1: Ground out 6-3 (Groundball, 6)
Top of the 14th over - 0 run(s), 1 hit(s), 0 error(s), 1 left on base; Austin 1 - Pocatello 1
BOTTOM OF THE 14TH
Pocatello Boccabellas batting - Pitching for Austin River Sharks : RHP Bartolo Romo
Batting: RHB Fabrice Brodeur 0-0: Ground out 6-3 (Groundball, 6)
Batting: RHB José García 0-0: Foul Ball, location: 2F
0-1: Hit by Pitch
Batting: LHB Norberto Muńóz 0-0: Called Strike
0-1: Swinging Strike
0-2: Foul Ball, location: 2F
0-2: Ball
1-2: Foul Ball, location: 2F
1-2: Foul Ball, location: 2F
1-2: Strikes out swinging
Batting: LHB Juan Cortés 0-0: DOUBLE (Line Drive, 78S)
José García to third
Runner from 3rd tries for Home, SAFE, no throw or cutoff
Monday, December 5th, 2016 - OOTP Baseball 17.12 Build 75